 Dungeon Crawl Stone Soup version 0.30.1 (webtiles) character file.

Game seed: 4772435767384119217

109 McKennaii the Conjurer (level 4, -1/33 HPs)
             Began as a Demigod Conjurer on July 8, 2023.
             Slain by an orc
             ... wielding a +0 dagger
              (2 damage)
             ... on level 3 of the Dungeon.
             The game lasted 00:02:01 (2319 turns).

McKennaii the Conjurer (Demigod Conjurer)           Turns: 2319, Time: 00:02:01

Health: -1/33      AC:  2    Str:  8    XL:     4   Next: 35%
Magic:  7/11       EV: 12    Int: 24    God:
Gold:   104        SH:  0    Dex: 12    Spells: 6/9 levels left

rFire   . . .        (no weapon)
rCold   . . .        (no shield)
rNeg    . . .        a - +0 robe
rPois   .            (no helmet)
rElec   .            (no cloak)
rCorr   .            (no gloves)
SInv    .            (no boots)
Will    .....        (no amulet)
Stlth   ++           (no ring)
HPRegen 0.25/turn    (no ring)
MPRegen 0.12/turn

%: no passive effects
@: no status effects
A: high MP 1, forlorn, divine attributes
a: no special abilities


You were on level 3 of the Dungeon.
You visited 1 branch of the dungeon, and saw 3 of its levels.

You collected 104 gold pieces.

Inventory:

Armour
 a - a +0 robe (worn)
Scrolls
 c - a scroll of blinking {unknown}
 d - a scroll of identify {unknown}
 f - a scroll of magic mapping {unknown}
 g - a scroll of silence {unknown}
 h - a scroll of summoning {unknown}
 k - 3 scrolls of enchant weapon {unknown}
 l - a scroll of enchant armour {unknown}
 m - 2 scrolls of teleportation {unknown}
 p - a scroll of poison {unknown}
 q - a scroll of amnesia {unknown}
Potions
 b - a potion of magic
 e - 2 potions of flight {unknown}
 i - a potion of berserk rage {unknown}
 j - a potion of lignification {unknown}
 n - a potion of ambrosia {unknown}
 o - a potion of curing {unknown}


   Skills:
 - Level 1.7 Dodging
 - Level 1.7 Stealth
 + Level 3.1 Spellcasting
 + Level 4.6 Conjurations


You had 6 spell levels left.
You knew the following spells:

 Your Spells              Type           Power      Damage    Failure   Level
a - Magic Dart            Conj           100%       1d8       1%          1
b - Searing Ray           Conj           52%        2d6       2%          2

Your spell library contained the following spells:

 Spells                   Type           Power      Damage    Failure   Level
 Beastly Appendage        Tmut           6%         N/A       11%         1
 Dazzling Flash           Conj/Hex       30%        N/A       12%         3
 Wereblood                Tmut           3%         N/A       16%         2
 Spider Form              Tmut/Pois      3%         N/A       32%         3
 Fulminant Prism          Conj/Hex       7%         3d7       38%         4
 Iskenderun's Mystic Bla  Conj/Tloc      15%        2d5       38%         4
 Petrify                  Tmut/Erth      3%         N/A       71%         4
 Summon Lightning Spire   Summ/Air       3%         N/A       71%         4
 Metabolic Englaciation   Hex/Ice        1%         N/A       96%         5
 Statue Form              Tmut/Erth      2%         N/A       100%        6
 Storm Form               Tmut/Air       1%         N/A       100%        7
 Maxwell's Capacitive Co  Air            1%         ∞         100%        8


Dungeon Overview and Level Annotations

Branches:
Dungeon (3/15)


Innate Abilities, Weirdness & Mutations

You have an increased reservoir of magic. (+10% MP)
You shall have no god before yourself.
Your divine heritage dramatically boosts your attributes as you level up.


Message History

The searing ray hits the orc but does no damage.
The searing ray hits the orc!
You kill the orc! (Press . to maintain the ray.)
The searing ray misses the orc wizard.
The orc wizard points at you and mumbles some strange words.
You are confused.
The orc wizard barely misses you. The orc hits you with a +0 dagger.
The orc hits you with a +0 mace!
The orc wizard hits you with a +0 dagger.
The orc hits you with a +0 dagger. The orc barely misses you.
Your magical contamination has completely faded away.
Unknown command.
You hit the orc wizard.
The orc wizard is severely wounded.
The orc wizard hits you with a +0 dagger.
* * * LOW HITPOINT WARNING * * *
The orc misses you. The orc barely misses you.
Unknown command.
Unknown command.
The orc wizard misses you. The orc hits you with a +0 dagger.
* * * LOW HITPOINT WARNING * * *
The orc attacks as you move away! The orc hits you with a +0 dagger.
* * * LOW HITPOINT WARNING * * *
The orc attacks as you move away! The orc closely misses you.
You hit the orc.
The orc is moderately wounded.
The orc wizard casts a spell.
The orc wizard flickers and vanishes!
Deactivating autopickup; reactivate with Ctrl-A.
The orc hits you with a +0 dagger.
* * * LOW HITPOINT WARNING * * *
The orc barely misses you.
You barely miss the orc.
You feel less confused. Something hits you but does no damage.
The orc closely misses you. The orc barely misses you.
Unknown command.
The orc attacks as you move away! The orc hits you with a +0 dagger.
You die...

.##.#(##.#
#.#####....+...#÷
.#..#.##.#
#.......<.##..###
......##.#
#########...##.##_#
#.######.# #....#
#...####... .....# #.#
#....# #...#####'#
..##.# #.# #....#
#...##.#...
.###.###.######....#
###....'.⌠.
.................o.####
####.#...
.......#.######.@{.'.)#
####'# .....#.#.#
#..o.##.# #...
##.......# #....# ##_#
.......### ###### ###
.#.##### .#. #.


You could see 2 orcs.

Vanquished Creatures
  An orc priest (D:3)
  2 adders
  A worm (D:2)
  2 dart slugs (D:2)
  6 orcs
  4 bats (D:2)
  7 endoplasms
  A giant cockroach (D:1)
  4 goblins
  6 hobgoblins
  4 ball pythons
  A frilled lizard (D:3)
  6 kobolds
  3 rats (D:2)
  A butterfly (D:1)
49 creatures vanquished.

Notes
Turn   | Place    | Note
-------+----------+-------------------------------------------
     0 | D:1      | McKennaii the Demigod Conjurer began the quest for the Orb.
     0 | D:1      | Reached XP level 1. HP: 14/14 MP: 5/5
   242 | D:1      | Reached XP level 2. HP: 20/20 MP: 1/7
   245 | D:1      | Learned a level 2 spell: Searing Ray
   729 | D:2      | Reached skill level 4 in Conjurations
  1015 | D:2      | Reached XP level 3. HP: 18/26 MP: 3/9
  2180 | D:3      | Reached XP level 4. HP: 33/33 MP: 6/11
  2317 | D:3      | HP: 1/33 [orc/+0 dagger (2)]
  2319 | D:3      | Slain by an orc

Illustrated notes

Levels and vault maps discovered:
D:1:      spicycebolla_arrival_clurvy, layout_rooms, serial_forest,
          infiniplex_forest_straight_2, infiniplex_forest_straight_4,
          infiniplex_forest_lined_3, infiniplex_forest_straight_3,
          infiniplex_forest_clump_double, infiniplex_forest_lined_room_,
          infiniplex_forest_lined_2
D:2:      layout_loops_ring, hellmonk_ecumenical_altar_heavens_door,
          basic_altar, minmay_tall_x
D:3:      layout_basic, grunt_temple_overflow_diamond

Skill      XL: |  1  2  3 |
---------------+----------+-----
Spellcasting   | 2 3 |  3.1
Conjurations   | 4 |  4.6
Dodging        | |  1.7
Stealth        | |  1.7

Action                     |  1- 3 |  4- 6 || total
---------------------------+-------+-------++-------
  Melee: Unarmed           |     3 |     3 ||     6
   Cast: Magic Dart        |    95 |     1 ||    96
         Searing Ray       |     5 |     1 ||     6
 Armour: Robe              |     1 |     1 ||     2
  Dodge: Dodged            |    10 |    11 ||    21
